 Dungeon Crawl Stone Soup version 0.26-a0-190-g75a3d40d47 (console) character file.

Game seed: 5597776389333459886

60 bli the Skirmisher (level 4, -1/38 HPs)
             Began as a Formicid Abyssal Knight on July 4, 2020.
             Was a Follower of Lugonu.
             Killed from afar by Sigmund (4 damage)
             ... with a puff of flame
             ... on level 2 of the Dungeon.
             The game lasted 00:06:48 (1715 turns).

bli the Skirmisher (Formicid Abyssal Knight)        Turns: 1715, Time: 00:06:48

Health: -1/38      AC:  1    Str: 16    XL:     4   Next: 24%
Magic:  5/5        EV: 12    Int: 12    God:    Lugonu [*.....]
Gold:   69         SH:  0    Dex: 11    Spells: 3/3 levels left

rFire    . . .     SeeInvis +   n - +3 dagger
rCold    + . .     Faith    .   (no shield)
rNeg     . . .     Spirit   .   o - -1 robe (curse)
rPois    .         Reflect  .   (helmet unavailable)
rElec    .         Harm     .   (no cloak)
rCorr    .                      (no gloves)
MR       .....                  (no boots)
Stlth    +.........             (no amulet)
HPRegen  0.12/turn              j - ring of protection from cold
MPRegen  0.09/turn              (no ring)

@: no status effects
A: permanent stasis, dig shafts and tunnels, four strong arms, antennae 3
a: Dig, Shaft Self, Depart the Abyss, Renounce Religion


You were on level 2 of the Dungeon.
You worshipped Lugonu.
Lugonu was aware of your devotion.
You were not hungry.

You visited 1 branch of the dungeon, and saw 2 of its levels.
You visited the Abyss 1 time.

You collected 69 gold pieces.

Inventory:

Hand Weapons
 a - a +1 falchion
 n - a +3 dagger (weapon)
Missiles
 e - 14 stones (quivered)
Armour
 d - a +0 leather armour
 l - a +0 ring mail
 m - a +0 chain mail
 o - a cursed -1 robe (worn)
Magical Staves
 b - an uncursed staff of poison
Jewellery
 j - a ring of protection from cold (left hand)
Scrolls
 i - a scroll of noise
 k - 2 scrolls of teleportation
Potions
 g - a potion of magic {unknown}
 h - a potion of curing
Comestibles
 c - 3 rations
 f - 2 chunks of flesh


   Skills:
 * Level 4.7 Fighting
 + Level 0.1(1.4) Short Blades
 + Level 2.3 Long Blades
 + Level 2.4 Armour
 + Level 1.2 Dodging
 + Level 0.1 Stealth
 - Level 2.1 Invocations


You had 3 spell levels left.
You didn't know any spells.
Your spell library was empty.

Dungeon Overview and Level Annotations

Branches:
Dungeon (2/15)

Altars:

Annotations:
D:2 Sigmund


Innate Abilities, Weirdness & Mutations

You cannot be hasted, slowed, berserked, paralysed or teleported.
You can dig through walls and to a lower floor.
Your four strong arms can wield two-handed weapons with a shield.
You have a pair of large antennae on your head. (SInv)


Message History

You are confused.
Sigmund points at you and mumbles some strange words.
The puff of flame hits you! The frilled lizard bites you.
Sigmund casts a spell at you. The puff of flame hits you!
The frilled lizard completely misses you.
The frilled lizard bites you.
You're too confused to move!
The frilled lizard misses you.
You're too confused to move!
You feel less confused. The frilled lizard barely misses you.
You hit the frilled lizard.
You kill the frilled lizard!
Lugonu accepts your kill.
Sigmund hits you from afar with a +0 scythe!
* * * LOW HITPOINT WARNING * * *
Sigmund points at you and mumbles some strange words.
The puff of flame hits you.
You die...

######..... #.........
.......... .........
......... ........#
........##### ## [...
.......)....# .# . ....
.......†###.##.##.... ....
........###.......... ...
#..@.{##.a@@###.#.... ..
########.#### # . #.##
##.....##### #..#
#..........#
#.###.#........#
##.....#........#
##)..#.##........# ##
##..###...........# ..#
........>#........#####.##
.#######.................#
..# ###.##.####.......#


You could see Sigmund (invisible) and a worker ant.

Vanquished Creatures
  An adder (D:2)
  4 worms (D:2)
  2 dart slugs
  A leopard gecko (D:1)
  6 bats
  4 giant cockroaches
  4 goblins
  A hobgoblin (D:1)
  6 frilled lizards
  4 kobolds
  4 rats
37 creatures vanquished.

Notes
Turn   | Place    | Note
-------+----------+-------------------------------------------
     0 | Abyss:1  | bli the Formicid Abyssal Knight began the quest for the
                  | Orb.
     0 | Abyss:1  | Reached XP level 1. HP: 18/18 MP: 2/2
    11 | Abyss:2  | Noticed a rakshasa
    24 | Abyss:2  | Found a corrupted altar of Lugonu.
    27 | D:1      | Escaped the Abyss
   111 | D:1      | Reached XP level 2. HP: 24/25 MP: 3/3
   284 | D:1      | Reached skill level 4 in Fighting
   463 | D:1      | Reached * piety under Lugonu
   647 | D:1      | Reached XP level 3. HP: 30/30 MP: 4/4
  1122 | D:2      | Reached skill level 1 in Dodging
  1326 | D:2      | Reached XP level 4. HP: 18/38 MP: 5/5
  1697 | D:2      | Noticed Sigmund
  1715 | D:2      | Killed from afar by Sigmund

Illustrated notes

Levels and vault maps discovered:
D:1:      nagdon_arrival_double_spiral, layout_basic
D:2:      layout_rooms, uniq_sigmund

Skill      XL: |  1  2  3 |
---------------+----------+-----
Fighting       | 4 |  4.7
Dodging        | 1 |  1.2
Short Blades   | |  0.1
Long Blades    | |  2.3
Armour         | |  2.4
Stealth        | |  0.1
Invocations    | |  2.1

Action                   |  1- 3 |  4- 6 || total
-------------------------+-------+-------++-------
Melee: Falchion          |    43 |       ||    43
       Dagger            |    55 |    24 ||    79
Throw: Stone             |     6 |     5 ||    11
Invok: Depart the Abyss  |     1 |       ||     1
 Abil: Dig               |     5 |     1 ||     6
  Use: Scroll            |     3 |       ||     3
       Potion            |     2 |       ||     2
  Eat: Chunk             |     2 |     1 ||     3
Armor: Leather armour    |    12 |       ||    12
       Robe              |     5 |     1 ||     6
Dodge: Dodged            |    78 |    11 ||    89
       Rpst.: Falchion   |    13 |       ||    13

Table legend:
 A = Non-vault XP
 B = Vault XP
 C = Vault XP percentage of total XP
 D = Non-vault monster count
 E = Vault monster count
 F = Vault count percentage of total count
                 A         B        C        D         E       F
            +---------+---------+-------+---------+---------+-------
      Total |      86 |       0 |   0.0 |      37 |       0 |   0.0
            +---------+---------+-------+---------+---------+-------
        D:1 |      32 |       0 |   0.0 |      19 |       0 |   0.0
        D:2 |      54 |       0 |   0.0 |      18 |       0 |   0.0
            +---------+---------+-------+---------+---------+-------
